[Event "*** Titled Tuesday Blitz"]
[Site "Chess.com"]
[Date "2020.05.12"]
[Round "7"]
[White "Didici"]
[Black "TERMINATOR_PC"]
[Result "1-0"]
[WhiteElo "2635"]
[BlackElo "2465"]
[TimeControl "180+1"]
[EndTime "11:15:58 PDT"]
[Termination "Didici won by resignation"]

1. d4 Nf6 2. c4 g6 3. f3 Bg7 4. e4 d6 5. Ne2 O-O 6. Be3 c5 7. d5 e6 8. Nec3 e5 9. Nd2 Nh5 10. Qc2 Na6 11. O-O-O f5 12. exf5 gxf5 13. a3 Nc7 14. Bd3 Nf4 15. g4 Nxd3+ 16. Qxd3 e4 17. fxe4 f4 18. Bf2 Bxg4 19. Rdg1 Qd7 20. Rg2 Rf7 21.
Rhg1 Bh3 22. Rg5 Kh8 23. Nf3 Raf8 24. e5 Bf5 25. Qe2 dxe5 26. Nxe5 Bxe5 27. Qxe5+ Rf6 28. Bxc5 Re8 29. Qxf6+ 1-0

[Event "*** Titled Tuesday Blitz"]
[Site "Chess.com"]
[Date "2020.05.12"]
[Round "7"]
[White "TST2014"]
[Black "MITerryble"]
[Result "0-1"]
[WhiteElo "2584"]
[BlackElo "2830"]
[TimeControl "180+1"]
[EndTime "11:15:59 PDT"]
[Termination "MITerryble won on time"]

1. d4 e6 2. c4 Bb4+ 3. Bd2 Qe7 4. Nf3 Nf6 5. g3 Nc6 6. Nc3 O-O 7. Bg2 d6 8. d5 exd5 9. Nxd5 Bxd2+ 10. Qxd2 Qd8 11. O-O Re8 12. Rfe1 Ne4 13. Qf4 h6 14. Rad1 a5 15. Nd4 Nxd4 16. Rxd4 Nc5 17. Nc3 Ne6 18. Qd2 Nxd4 19.
Qxd4 c6 20. Rd1 Be6 21. b3 Qe7 22. Qxd6 Rad8 23. Qxe7 Rxd1+ 24. Nxd1 Rxe7 25. Kf1 Bg4 26. Ne3 Be6 27. Ke1 Rd7 28. f4 g6 29. g4 Rd4 30. f5 Bc8 31. Bf3 gxf5 32. gxf5 Kg7 33. Bg4 Kf6 34. h3 Kg5 35. Nc2 Re4 36. Kf2 Bxf5 37.
Bf3 Re7 38. Ne3 Bxh3 39. Nd1 h5 40. Nc3 Bg4 41. Ne4+ Kf4 42. Nf6 Bxf3 43. exf3 h4 44. Nh5+ Kg5 45. Ng7 Kg6 0-1

[Event "*** Titled Tuesday Blitz"]
[Site "Chess.com"]
[Date "2020.05.12"]
[Round "7"]
[White "viditchess"]
[Black "Batica1984"]
[Result "1-0"]
[WhiteElo "2966"]
[BlackElo "2825"]
[TimeControl "180+1"]
[EndTime "11:16:00 PDT"]
[Termination "viditchess won by resignation"]

1. d4 Nf6 2. c4 c5 3. d5 b5 4.
cxb5 a6 5. e3 g6 6. Nc3 Bg7 7.
a4 O-O 8. Nf3 Bb7 9. bxa6 Nxa6 10. Bc4 Nb4 11. O-O e6 12. e4 exd5 13. exd5 Ba6 14.
Bxa6 Rxa6 15. Bg5 h6 16. Bxf6 Qxf6 17. Qd2 Qf5 18. Rad1 Rb8 19. h3 d6 20. b3 Nc2 21.
Nb5 Nb4 22. Rfe1 Qc2 23. Qxc2 Nxc2 24. Re7 Na1 25. Nd2 Rab6 26. Nc4 Rxb5 27. axb5 Rxb5 28. Nxd6 Rxb3 29. Re8+ Kh7 30. Nxf7 c4 31. d6 c3 32. Rxa1 c2 33. Rc1 Rb1 34. Ree1 1-0

[Event "*** Titled Tuesday Blitz"]
[Site "Chess.com"]
[Date "2020.05.12"]
[Round "7"]
[White "vladislavkovalev"]
[Black "BAS8892"]
[Result "1-0"]
[WhiteElo "2907"]
[BlackElo "2717"]
[TimeControl "180+1"]
[EndTime "11:16:01 PDT"]
[Termination "vladislavkovalev won by resignation"]

1. e4 c6 2. Nc3 d5 3. Nf3 Bg4 4. h3 Bh5 5. exd5 cxd5 6. g4 Bg6 7. d4 Nc6 8. Ne5 f6 9. Nxg6 hxg6 10. Bd3 Kf7 11.
Qf3 e6 12. Ne2 Bd6 13. c3 Nge7 14. Bf4 Bxf4 15. Nxf4 g5 16. Ne2 Rc8 17. O-O-O b5 18. Kb1 a6 19. Qe3 Qd6 20. f4 gxf4 21. Nxf4 Na5 22. Rde1 Rc6 23. Qf2 Qb8 24. g5 Qb6 25. Rhg1 f5 26. Nxe6 g6 27. Nf4 b4 28. Rxe7+ Kxe7 29. Nxd5+ 1-0

[Event "*** Titled Tuesday Blitz"]
[Site "Chess.com"]
[Date "2020.05.12"]
[Round "7"]
[White "LikeWater"]
[Black "2346PL"]
[Result "1-0"]
[WhiteElo "2687"]
[BlackElo "2460"]
[TimeControl "180+1"]
[EndTime "11:16:01 PDT"]
[Termination "LikeWater won by resignation"]

1. e4 c5 2. Nf3 Nf6 3. Nc3 d5 4.
exd5 Nxd5 5. Bb5+ Nc6 6. Bxc6+ bxc6 7. h3 f6 8. d4 cxd4 9. Qxd4 e5 10. Qc4 Bb7 11. O-O Be7 12. Nh4 O-O 13. Nf5 Qd7 14. Qg4 Kf7 15. Ne4 Qe6 16. Qxg7+ Ke8 17. Qxh7 Rf7 18.
Qg6 Kd7 19. c4 Nb6 20. Rd1+ Kc7 21. Ng7 Qxc4 22. b3 Rg8 23. Ne8+ Rxe8 24. bxc4 Rff8 25. Ng3 Bc5 26. Be3 Bxe3 27. fxe3 Nxc4 28. Rab1 Nxe3 29. Qh7+ 1-0

[Event "*** Titled Tuesday Blitz"]
[Site "Chess.com"]
[Date "2020.05.12"]
[Round "7"]
[White "Aradej"]
[Black "dennisodessa"]
[Result "0-1"]
[WhiteElo "2482"]
[BlackElo "2331"]
[TimeControl "180+1"]
[EndTime "11:16:01 PDT"]
[Termination "dennisodessa won by checkmate"]

1. e4 e6 2. d3 c5 3. Nf3 Nc6 4.
g3 g6 5. Bg2 Bg7 6. O-O Nge7 7. c3 O-O 8. d4 cxd4 9. cxd4 Qb6 10.
d5 Bxb2 11. Bxb2 Qxb2 12. dxc6 Qxa1 13. cxd7 Nc6 14. dxc8=Q Raxc8 15. Qb3 Nd4 16. Nxd4 Qxd4 17. Qxb7 Rc2 18. Qb3 Rfc8 19. h4 Rb2 20. Qf3 Rcc2 21. a4 Qxa4 22. Qf6 Qb4 23. h5 Rxb1 24. Qd8+ Kg7 25.
e5 Rxf1+ 26. Bxf1 Qf8 27. Qf6+ Kg8 28. hxg6 hxg6 29. Bd3 Rc1+ 30. Kg2 Qh6 31. Qd8+ Kh7 32. Qe7 Qh1# 0-1

[Event "*** Titled Tuesday Blitz"]
[Site "Chess.com"]
[Date "2020.05.12"]
[Round "7"]
[White "quesfr"]
[Black "Keks2017"]
[Result "0-1"]
[WhiteElo "2280"]
[BlackElo "2450"]
[TimeControl "180+1"]
[EndTime "11:16:01 PDT"]
[Termination "Keks2017 won on time"]

1. e4 d6 2. d4 Nf6 3. Nc3 g6 4. f4 Bg7 5. Nf3 c5 6. dxc5 Qa5 7. Qd4 Nc6 8. Bb5 Bd7 9. Qa4 Qxa4 10. Bxa4 Nb4 11.
Bb3 dxc5 12. Ne5 Be6 13. Ba4+ Kf8 14. a3 Na6 15. O-O Ne8 16. Nd5 Nd6 17. Nc3 Nc7 18. Be3 b6 19. Bc6 Rd8 20. Rae1 Bxe5 21. fxe5 Nc4 22. Bc1 Kg7 23. b3 Na5 24. Rd1 Nxc6 25.
Bg5 h6 26. Bh4 g5 27. Bg3 Rxd1 28. Rxd1 Rd8 29. Rf1 Rd2 30. h4 Rxc2 31. Nd1 Nd4 32. Ne3 Rc3 0-1

[Event "*** Titled Tuesday Blitz"]
[Site "Chess.com"]
[Date "2020.05.12"]
[Round "7"]
[White "kai_nov"]
[Black "Shuvalov"]
[Result "0-1"]
[WhiteElo "2250"]
[BlackElo "2442"]
[TimeControl "180+1"]
[EndTime "11:16:01 PDT"]
[Termination "Shuvalov won by resignation"]

1. d4 d5 2. c4 c6 3. Nf3 Nf6 4. e3 a6 5. Nbd2 Bf5 6. Be2 h6 7. O-O e6 8. Qb3 Ra7 9. Ne5 Nbd7 10. f4 Nxe5 11. fxe5 Ne4 12. Nxe4 Bxe4 13. Bd3 Bxd3 14. Qxd3 Be7 15. c5 O-O 16. e4 dxe4 17. Qxe4 Ra8 18. Be3 Qd7 19. Rf3 f5 20. exf6 Rxf6 21. Raf1 Raf8 22.
Rxf6 Rxf6 23. Rxf6 Bxf6 24. h3 Kf7 25. Kf2 Qd5 26. Qxd5 exd5 27. g4 Ke6 28. Kf3 Bd8 29. Bf4 Bf6 30. Ke3 Be7 31. Be5 g6 32. Bf4 h5 33.
Be5 Bxc5 34. gxh5 gxh5 35. Kf4 Bd6 36. Bxd6 Kxd6 37. Kg5 c5 38. dxc5+ Ke5 39. Kxh5 d4 40. Kg4 Ke4 41. Kg3 Ke3 42. c6 bxc6 43. h4 d3 44. h5 d2 45. h6 d1=Q 46. h7 Qh5 47. b4 Qxh7 0-1

[Event "*** Titled Tuesday Blitz"]
[Site "Chess.com"]
[Date "2020.05.12"]
[Round "7"]
[White "Volodar_Murzin"]
[Black "swimmerchess"]
[Result "1/2-1/2"]
[WhiteElo "2754"]
[BlackElo "2845"]
[TimeControl "180+1"]
[EndTime "11:16:02 PDT"]
[Termination "Game drawn by repetition"]

1. d4 Nf6 2. Nf3 g6 3. Bg5 Bg7 4. Nbd2 O-O 5. e3 d6 6. c3 b6 7.
Bd3 Bb7 8. O-O Nbd7 9. Qe2 e5 10.
dxe5 dxe5 11. Ba6 Qc8 12. Bxb7 Qxb7 13. Bxf6 Bxf6 14. Rfd1 Nc5 15. Nb3 e4 16. Nfd2 Ne6 17.
Qg4 Rad8 18. Nxe4 Bg7 19. Qf3 Qa6 20. Nd4 Nxd4 21. exd4 Qb5 22. b3 a5 23. Qf4 Qc6 24. Rd3 Rfe8 25. Re3 Re7 26. Rae1 Rde8 27. h3 h6 28. Nd2 Rxe3 29. Rxe3 Rxe3 30. Qxe3 a4 31. c4 axb3 32. axb3 b5 33. d5 Qd7 34. Ne4 bxc4 35.
bxc4 Qa4 36. Qd3 Qa1+ 37. Kh2 Qe5+ 38. g3 h5 39. h4 Bf8 40. Kg2 Kg7 41. c5 Be7 42. d6 cxd6 43. cxd6 Bd8 44. d7 Kf8 45.
Qa3+ Qe7 46. Qd3 Qe5 47. Qa3+ Qe7 48. Qd3 Qe5 1/2-1/2

[Event "*** Titled Tuesday Blitz"]
[Site "Chess.com"]
[Date "2020.05.12"]
[Round "7"]
[White "ASVZ"]
[Black "dragos420"]
[Result "1-0"]
[WhiteElo "2376"]
[BlackElo "2504"]
[TimeControl "180+1"]
[EndTime "11:16:02 PDT"]
[Termination "ASVZ won by resignation"]

1. e4 e5 2. Nf3 Nc6 3. Nc3 Nf6 4. Bb5 Bb4 5. O-O O-O 6. d3 Bxc3 7. bxc3 d6 8. Bxc6 bxc6 9. Bg5 c5 10. Rb1 Be6 11.
c4 Qe7 12. Rb7 Bc8 13. Rb3 Qe6 14. Bxf6 Qxf6 15. Nd2 Qg6 16. f4 exf4 17. Rxf4 f5 18. Qf3 Bd7 19. exf5 Bxf5 20. Ne4 Be6 21. Ng3 Rxf4 22.
Qxa8+ Rf8 23. Rb8 Qf7 24. Rxf8+ Qxf8 25. Qxa7 Qf4 26. Qb8+ Kf7 27. Qxc7+ Kg6 28. Nf1 Qd4+ 29. Kh1 Qf2 30. h3 Qxf1+ 31. Kh2 Qf4+ 32. Kh1 h5 33. a4 h4 34. a5 Qf1+ 35. Kh2 Qf4+ 36. Kh1 Qc1+ 37. Kh2 Qxc2 38. Qxd6 Kf7 39. a6 Qa2 40.
Qc7+ Kf6 41. a7 Kg6 42. Qb8 Bxh3 43. a8=Q Qxa8 44. Qxa8 Bf5 1-0

[Event "*** Titled Tuesday Blitz"]
[Site "Chess.com"]
[Date "2020.05.12"]
[Round "7"]
[White "Koalaskakistis"]
[Black "mirochka"]
[Result "1-0"]
[WhiteElo "2454"]
[BlackElo "2181"]
[TimeControl "180+1"]
[EndTime "11:16:04 PDT"]
[Termination "Koalaskakistis won on time"]

1. f4 d5 2. Nf3 Nf6 3. g3 Bg4 4. Bg2 e6 5. O-O Nbd7 6. d3 c6 7. Nc3 b5 8. e4 b4 9. Ne2 dxe4 10. dxe4 Qb6+ 11. Kh1 Nxe4 12. Nfd4 Ndf6 13. Be3 Rd8 14. Qe1 Bc5 15. c3 O-O 16. Bg1 Bf5 17. Rc1 bxc3 18. bxc3 Nd5 19. g4 Bxg4 20. Bxe4 Nf6 21. Bg2 Qa5 22.
Nxc6 Qxa2 23. Bxc5 Qxe2 24. Bxf8 Rxf8 25. Qxe2 Bxe2 26. Rf2 Bc4 27. Nxa7 Nd5 28. Nc6 1-0

[Event "*** Titled Tuesday Blitz"]
[Site "Chess.com"]
[Date "2020.05.12"]
[Round "7"]
[White "Luibov_AN"]
[Black "alexwinter25"]
[Result "1-0"]
[WhiteElo "2133"]
[BlackElo "2323"]
[TimeControl "180+1"]
[EndTime "11:16:04 PDT"]
[Termination "Luibov_AN won on time"]

1. d4 d5 2. Nf3 e6 3. c4 Nf6 4. Nc3 Nbd7 5. e3 c6 6. Qc2 Bd6 7. Bd3 O-O 8. b3 e5 9. cxd5 cxd5 10. dxe5 Nxe5 11. Nxe5 Bxe5 12. O-O Be6 13. Bb2 Rc8 14. Rac1 Bxh2+ 15. Kxh2 Ng4+ 16. Kg3 h5 17. Rh1 Qd6+ 18. f4 Nxe3 19. Qe2 h4+ 20. Rxh4 d4 21. Rch1 f5 22. Nb5 Qd5 23. Nxd4 Ng4 24. Qxe6+ Qxe6 25. Nxe6 Rfe8 26. Rh8+ Kf7 27. Ng5+ Kg6 28. Rxe8 Rxe8 29. Bc4 Re3+ 30. Kh4 Nf2 31. Bf7+ Kh6 32. Rf1 1-0

[Event "*** Titled Tuesday Blitz"]
[Site "Chess.com"]
[Date "2020.05.12"]
[Round "7"]
[White "51616516516"]
[Black "larisakalinina"]
[Result "1-0"]
[WhiteElo "2342"]
[BlackElo "1992"]
[TimeControl "180+1"]
[EndTime "11:16:05 PDT"]
[Termination "51616516516 won on time"]

1. d4 d5 2. c4 e6 3. Nc3 Nf6 4.
cxd5 exd5 5. Bg5 Be7 6. e3 O-O 7. Bd3 h6 8. Bh4 c6 9. Qc2 Nbd7 10. Nge2 Re8 11. O-O Nf8 12. Rab1 Bg4 13. f3 Bh5 14. Bf2 Bg6 15. b4 Bxd3 16. Qxd3 Ne6 17.
h3 b6 18. e4 dxe4 19. fxe4 Qd7 20. Rfd1 Rad8 21. Ng3 g6 22. Qe3 Kg7 23. Kh2 Qc7 24.
b5 c5 25. d5 Nd4 26. Ne2 Nxe2 27. Qxe2 Bd6 28. Qf3 Nxe4 29. Re1 Nxf2 30. Qxf2 h5 31. h4 1-0

[Event "*** Titled Tuesday Blitz"]
[Site "Chess.com"]
[Date "2020.05.12"]
[Round "7"]
[White "Shield12"]
[Black "TargetA"]
[Result "1-0"]
[WhiteElo "2799"]
[BlackElo "2568"]
[TimeControl "180+1"]
[EndTime "11:16:06 PDT"]
[Termination "Shield12 won on time"]

1. d4 Nf6 2. Nc3 g6 3. e4 d6 4. Bg5 Bg7 5. f4 O-O 6. Qd2 c6 7. e5 dxe5 8. fxe5 Nfd7 9. Bc4 Nb6 10. Bb3 Na6 11. Nge2 Nc7 12. Bh6 Be6 13. O-O c5 14.
Bxg7 Kxg7 15. Bxe6 fxe6 16. Ne4 cxd4 17. N2g3 Qd7 18.
Qg5 Rf5 19. Nxf5+ exf5 20. Ng3 e6 21. Nh5+ Kh8 22. Nf6 Qf7 23. Rf4 Ncd5 24. Rxd4 Nxf6 25. Qxf6+ Qxf6 26. exf6 Kg8 27. Rad1 Kf7 28. Rd8 Rxd8 29. Rxd8 Kxf6 30. Rb8 a5 31. Rxb7 Nd5 32. c4 Nb4 33. a3 Nd3 34. b4 axb4 35. axb4 Ke5 36. c5 Nf4 37. c6 Kd6 38. b5 e5 39. Rd7+ Ke6 40. Rd8 e4 41. c7 1-0

[Event "*** Titled Tuesday Blitz"]
[Site "Chess.com"]
[Date "2020.05.12"]
[Round "7"]
[White "Gandrade2"]
[Black "DonBroca"]
[Result "1-0"]
[WhiteElo "2061"]
[BlackElo "2200"]
[TimeControl "180+1"]
[EndTime "11:16:06 PDT"]
[Termination "Gandrade2 won by resignation"]

1. b3 Nf6 2. Bb2 g6 3. Bxf6 exf6 4. c4 b6 5. Nf3 Bb7 6. e3 Bg7 7. Be2 O-O 8. Nc3 Nc6 9. d4 f5 10. O-O Ne7 11. Rc1 d6 12. b4 Re8 13. Qb3 Qd7 14.
Rfd1 a5 15. c5 axb4 16. Qxb4 Nd5 17. Nxd5 Bxd5 18. cxd6 Rxa2 19. Rxc7 Qe6 20. Bb5 Rd8 21. d7 f4 22. Re1 Qg4 23. e4 Be6 24. Qe7 Raa8 25.
d5 Bf8 26. Qf6 Bxd7 27. Ne5 Qh5 28. Qxf7+ Kh8 29. Nxd7 1-0

[Event "*** Titled Tuesday Blitz"]
[Site "Chess.com"]
[Date "2020.05.12"]
[Round "7"]
[White "GMartin_Petrov"]
[Black "sopo-tereladze"]
[Result "0-1"]
[WhiteElo "2559"]
[BlackElo "2401"]
[TimeControl "180+1"]
[EndTime "11:16:07 PDT"]
[Termination "sopo-tereladze won by resignation"]

1. e4 e5 2. Nf3 Nc6 3. Bc4 Nf6 4. Ng5 d5 5. exd5 Na5 6. Bb5+ c6 7. dxc6 bxc6 8.
Bd3 Nd5 9. h4 g6 10. Nc3 h6 11.
Nf3 Bg7 12. h5 g5 13. Nxd5 Qxd5 14. O-O O-O 15. Qe2 f5 16. b4 e4 17. bxa5 exd3 18.
cxd3 Bxa1 19. Ba3 Bg7 20. Bxf8 Bxf8 21. Ne5 Ba6 22. f4 Re8 23. Qd1 Bxd3 24. Rf3 Be4 25. Rg3 g4 26. d3 Bc5+ 27. Kh2 Bf2 28. Rxg4+ fxg4 29. Qxg4+ Kh7 30. dxe4 Qe6 31. Qf3 Bh4 32.
Ng4 Qxe4 33. Qc3 Qxf4+ 34. Kh3 Qg3+ 35. Qxg3 Bxg3 36. Kxg3 Re2 37. Kf4 Rxa2 38. Ne5 Rxa5 39. g4 Rxe5 40. Kxe5 a5 41. Kd4 a4 42. Kc4 c5 43. Kc3 Kg7 44. Kb2 c4 0-1

[Event "*** Titled Tuesday Blitz"]
[Site "Chess.com"]
[Date "2020.05.12"]
[Round "7"]
[White "JozefKneht"]
[Black "Boudicca64"]
[Result "1-0"]
[WhiteElo "2370"]
[BlackElo "2037"]
[TimeControl "180+1"]
[EndTime "11:16:07 PDT"]
[Termination "JozefKneht won on time"]

1. e4 c5 2. Nf3 e6 3. d4 cxd4 4. Nxd4 Nf6 5. Nc3 Nc6 6. Ndb5 a6 7. Nd6+ Bxd6 8. Qxd6 b5 9. a3 Qe7 10. Bf4 e5 11. Qxe7+ Kxe7 12. Bg5 Nd4 13. O-O-O Bb7 14. f3 h6 15. Be3 Ne6 16. Be2 Rhd8 17. Bb6 Rdc8 18.
Rd2 Nf4 19. g3 Nxe2+ 20. Rxe2 d6 21. Rd1 Rc4 22. Red2 Ne8 23. Nd5+ Bxd5 24. Rxd5 Rac8 25. c3 R8c6 26. Ba5 Rc8 27. Bb4 R4c6 28. Rxe5+ Kf6 29. Red5 Ke6 30. Kb1 Ra8 31. Ba5 Rac8 32. f4 Nf6 33.
f5+ Ke7 34. R5d4 Nd7 35. Bb4 Nc5 36. g4 Ra8 37. h4 a5 38. Rxd6 axb4 39. Rxc6 Nxe4 40.
axb4 1-0

[Event "*** Titled Tuesday Blitz"]
[Site "Chess.com"]
[Date "2020.05.12"]
[Round "7"]
[White "fridaywins"]
[Black "ristingho"]
[Result "0-1"]
[WhiteElo "2252"]
[BlackElo "2520"]
[TimeControl "180+1"]
[EndTime "11:16:08 PDT"]
[Termination "ristingho won by resignation"]

1. e4 c6 2. Nc3 d5 3. Nf3 Nf6 4.
d3 Bg4 5. h3 Bh5 6. g4 Bg6 7.
Qe2 e6 8. Ne5 Nbd7 9. Nxg6 hxg6 10. e5 Ng8 11. d4 c5 12. Be3 Ne7 13. f4 Nc6 14. O-O-O cxd4 15. Bxd4 Nxd4 16. Rxd4 Bc5 17. Rd3 Qa5 18. Kb1 O-O-O 19. Bg2 Kb8 20. f5 Nb6 21.
fxg6 fxg6 22. Rf3 Nc4 23. Ka1 Qc7 24. Rd1 Nxe5 25. Rff1 Nc4 26. Qxe6 Rhe8 27. Qxg6 Ne3 28. Nxd5 Rxd5 29. Bxd5 Nxf1 30. Rxf1 Qe5 31. c4 Bd4 32. Qc2 Rc8 33. a4 Qxd5 34. cxd5 Rxc2 35. Rf8+ Kc7 36. Rf7+ 0-1

[Event "*** Titled Tuesday Blitz"]
[Site "Chess.com"]
[Date "2020.05.12"]
[Round "7"]
[White "CraiggoryC"]
[Black "gui_borba"]
[Result "0-1"]
[WhiteElo "2116"]
[BlackElo "2335"]
[TimeControl "180+1"]
[EndTime "11:16:09 PDT"]
[Termination "gui_borba won by resignation"]

1. e4 c6 2. Nf3 d5 3. e5 Bf5 4. d4 e6 5. Be2 c5 6. Be3 c4 7. O-O Bb4 8. b3 cxb3 9. axb3 Ne7 10. c3 Ba5 11. b4 Bb6 12. Na3 O-O 13. Nb5 Nc8 14. Bd3 Bxd3 15. Qxd3 a6 16. Ng5 g6 17. Bf4 Kg7 18. Qh3 h5 19. Nd6 Nxd6 20. exd6 Nd7 21. Rfe1 Qf6 22. Qg3 Rac8 23. Re3 Rc6 24. Rf3 Rxc3 25.
Be5 Rxf3 26. Bxf6+ Rxf6 27. Nf3 Rc8 28. h4 Rc4 29.
Ne5 Nxe5 30. dxe5 Rxf2 31. Qxf2 Bxf2+ 32. Kxf2 Kf8 33. Ra5 Ke8 34. Rc5 Rxc5 35. bxc5 Kd7 36. Ke3 Kc6 37. Kd4 a5 38. Kc3 b6 39. cxb6 Kxb6 40. Kb3 Kc6 41. Kc3 f6 42. exf6 Kxd6 43. Kd4 e5+ 44. Ke3 Ke6 45. g4 hxg4 0-1

[Event "*** Titled Tuesday Blitz"]
[Site "Chess.com"]
[Date "2020.05.12"]
[Round "7"]
[White "AthanasiusLefebvre"]
[Black "ChristianAlm"]
[Result "0-1"]
[WhiteElo "2034"]
[BlackElo "2424"]
[TimeControl "180+1"]
[EndTime "11:16:09 PDT"]
[Termination "ChristianAlm won by resignation"]

1. Nf3 Nf6 2. g3 g6 3. Bg2 Bg7 4. O-O O-O 5. d3 d5 6. c4 c5 7. Nc3 Nc6 8. a3 dxc4 9. dxc4 Be6 10. Be3 Bxc4 11. Bxc5 Qc7 12. Qc2 Rac8 13. Rfd1 a6 14. Rac1 Be6 15. Be3 Na5 16. Bf4 Qb6 17. b4 Nc4 18.
Na4 Qa7 19. Nc5 Nxa3 20. Qd3 Nb5 21. Nxe6 fxe6 22. Qb3 Nd5 23. Be5 Rxc1 24. Rxc1 Bxe5 25. Nxe5 Qxf2+ 26. Kh1 Qxe2 27. Bxd5 Rf1+ 0-1

[Event "*** Titled Tuesday Blitz"]
[Site "Chess.com"]
[Date "2020.05.12"]
[Round "7"]
[White "Nara_Kh"]
[Black "MoonlighT89"]
[Result "0-1"]
[WhiteElo "2317"]
[BlackElo "2510"]
[TimeControl "180+1"]
[EndTime "11:16:10 PDT"]
[Termination "MoonlighT89 won by resignation"]

1. e4 c5 2. Nf3 e6 3. d4 cxd4 4. Nxd4 Nc6 5. Nc3 Qc7 6. Be3 a6 7. Be2 b5 8. a3 Bb7 9. O-O Nf6 10. h3 Ne5 11. f4 Nc4 12. Bxc4 Qxc4 13. e5 Nd5 14.
Nxd5 Qxd5 15. Qf3 Qxf3 16. Nxf3 d6 17. Rad1 Bd5 18. Nd4 g6 19. c3 dxe5 20. fxe5 Bg7 21. Bf4 O-O 22. Rf2 Rfc8 23. Nf3 h6 24. h4 a5 25. Nd4 Rab8 26. Rfd2 b4 27. cxb4 axb4 28. axb4 Rxb4 29. Ra1 Bf8 30. Kh2 Rcb8 31. Ra7 Bc5 32.
Rc7 Bxd4 33. Bxh6 Bxe5+ 34. Bf4 Bxf4+ 0-1

[Event "*** Titled Tuesday Blitz"]
[Site "Chess.com"]
[Date "2020.05.12"]
[Round "7"]
[White "NZT72"]
[Black "Mbneu"]
[Result "1-0"]
[WhiteElo "2475"]
[BlackElo "2262"]
[TimeControl "180+1"]
[EndTime "11:16:10 PDT"]
[Termination "NZT72 won by checkmate"]

1. c4 Nf6 2. g3 e6 3. Bg2 d5 4.
Nf3 c5 5. cxd5 exd5 6. d4 Nc6 7. O-O Be7 8. dxc5 Bxc5 9. Qc2 Bb6 10. Rd1 O-O 11.
Nc3 Be6 12. Bg5 Rc8 13. e4 h6 14. Bxf6 Qxf6 15. exd5 Nb4 16. Qe4 Nxd5 17. Nxd5 Bxd5 18.
Rxd5 Bxf2+ 19. Kh1 Qxb2 20. Rf1 Rc2 21. Nh4 Qxa2 22.
Nf5 Bb6 23. Qg4 Qb2 24. Nxh6+ Kh8 25. Rh5 Rxg2 26. Nxf7+ Kg8 27. Rh8# 1-0

[Event "*** Titled Tuesday Blitz"]
[Site "Chess.com"]
[Date "2020.05.12"]
[Round "7"]
[White "UmutErdemGunduz"]
[Black "Juanovic"]
[Result "1-0"]
[WhiteElo "2396"]
[BlackElo "2184"]
[TimeControl "180+1"]
[EndTime "11:16:10 PDT"]
[Termination "UmutErdemGunduz won by resignation"]

1. e4 c5 2. Nf3 Nc6 3. d4 cxd4 4. Nxd4 g6 5. Nc3 Bg7 6. Be3 Nf6 7. Bc4 O-O 8. Bb3 d6 9. f3 Nd7 10. Qd2 Nb6 11. h4 Na5 12. Qe2 d5 13. Rd1 Nxb3 14. axb3 e5 15. Ndb5 d4 16. Bf2 a6 17. Na3 Be6 18. h5 Qe7 19. h6 Bh8 20. Na4 Nxa4 21.
bxa4 Rac8 22. O-O Qb4 23. Rd3 Qxa4 24. f4 f5 25. fxe5 fxe4 26. Rxd4 Qc6 27. Rd6 Qe8 28. Bd4 Rxf1+ 29. Qxf1 b5 30. c3 Qe7 31. Nc2 Rf8 32.
Qe2 Bc4 33. Qxe4 Qg5 34. Ne3 Be2 35. Qd5+ 1-0

[Event "*** Titled Tuesday Blitz"]
[Site "Chess.com"]
[Date "2020.05.12"]
[Round "7"]
[White "rpragchess"]
[Black "awesomevishesh"]
[Result "1-0"]
[WhiteElo "2869"]
[BlackElo "2439"]
[TimeControl "180+1"]
[EndTime "11:16:11 PDT"]
[Termination "rpragchess won on time"]

1. Nf3 Nf6 2. g3 g6 3. b3 Bg7 4. Bb2 d6 5. d4 O-O 6. Bg2 Nbd7 7.
O-O Re8 8. c4 c6 9. Nc3 e5 10.
e4 exd4 11. Nxd4 Nc5 12. Qc2 Qb6 13. Rad1 a5 14. a4 Ng4 15. h3 Ne5 16. Nce2 Na6 17. Kh2 Nb4 18. Qb1 Nd7 19. Ba1 Nc5 20. Rfe1 Bd7 21. Nf4 Rad8 22. h4 h5 23. Nf3 Bxa1 24. Qxa1 Nc2 25. Qf6 Nxe1 26. Ng5 Be6 27. Nxg6 fxg6 28.
Qxg6+ Kf8 29. Qh6+ Ke7 30. Qg7+ 1-0

[Event "*** Titled Tuesday Blitz"]
[Site "Chess.com"]
[Date "2020.05.12"]
[Round "7"]
[White "northridgehawk"]
[Black "White_Ghost"]
[Result "0-1"]
[WhiteElo "2253"]
[BlackElo "2441"]
[TimeControl "180+1"]
[EndTime "11:16:11 PDT"]
[Termination "White_Ghost won by resignation"]

1. e4 e5 2. Nf3 Nc6 3. Bb5 a6 4. Ba4 b5 5. Bb3 Na5 6. Nxe5 Nxb3 7. axb3 Qe7 8. d4 d6 9. Nf3 Qxe4+ 10. Be3 Bb7 11. O-O Be7 12. Nc3 Qg6 13. d5 Nf6 14. Re1 O-O 15. Nh4 Qg4 16. Qxg4 Nxg4 17. Nf5 Bf6 18.
Bd4 Ne5 19. h3 g6 20. Nh6+ Kg7 21. Be3 Rfe8 22. Rad1 Kf8 23. f4 Nd7 24. Ng4 Bg7 25. Bf2 h5 26. Nh2 Nf6 27. Nf3 Rxe1+ 28. Bxe1 Re8 29.
Bf2 Ne4 30. Nxe4 Rxe4 31. g3 Bxb2 32. Kg2 Bc3 33. Ng5 Re2 34. Kf3 Rxc2 35. g4 hxg4+ 36.
hxg4 Bf6 37. Ne4 Bg7 38. f5 gxf5 39. gxf5 f6 40. Be3 Rb2 41. Rd3 Kf7 42. Kf4 a5 43.
Bd4 Rh2 44. Rg3 Rh4+ 45. Rg4 Rxg4+ 46. Kxg4 Bxd5 47. Nc3 Bxb3 48. Nxb5 a4 49. Nxc7 Ke7 50. Kh5 Bf7+ 51. Kg4 Kd7 52. Nb5 Kc6 53. Na3 Kd5 54. Ba1 Ke4 55. Nc4 Bxc4 56. Kh5 Bf7+ 0-1

[Event "*** Titled Tuesday Blitz"]
[Site "Chess.com"]
[Date "2020.05.12"]
[Round "7"]
[White "PawnEatingZombie"]
[Black "Tsyhanchuk_Stanislav"]
[Result "0-1"]
[WhiteElo "2166"]
[BlackElo "2518"]
[TimeControl "180+1"]
[EndTime "11:16:11 PDT"]
[Termination "Tsyhanchuk_Stanislav won on time"]

1. d4 d5 2. c4 c6 3. Nc3 Nf6 4. e3 e6 5. Nf3 Nbd7 6. Qc2 b6 7. Bd3 Bb7 8. O-O Be7 9. b3 O-O 10. Bb2 h6 11. Rad1 Rc8 12. Qe2 Qc7 13. Rfe1 Rfe8 14.
e4 dxe4 15. Nxe4 Nxe4 16. Bxe4 Nf6 17. Bb1 c5 18. Qd3 Rcd8 19. d5 g6 20. Rxe6 Bxd5 21. cxd5 Rxd5 22. Qc2 Rxd1+ 23. Qxd1 fxe6 24. Qc2 Qf4 25. Qxg6+ Kf8 0-1

[Event "*** Titled Tuesday Blitz"]
[Site "Chess.com"]
[Date "2020.05.12"]
[Round "7"]
[White "Indianlad"]
[Black "Baby_Legs"]
[Result "0-1"]
[WhiteElo "2922"]
[BlackElo "2739"]
[TimeControl "180+1"]
[EndTime "11:16:12 PDT"]
[Termination "Baby_Legs won by resignation"]

1. Nf3 c5 2. c4 g6 3. d4 cxd4 4. Nxd4 Bg7 5. e4 Nc6 6. Be3 Nf6 7. Nc3 O-O 8. Be2 d6 9. O-O Bd7 10. Nc2 Qa5 11. a3 Rfc8 12. f4 Qd8 13. c5 dxc5 14.
e5 Ne8 15. Bxc5 Nxe5 16. Bd4 Nc6 17. Bxg7 Nxg7 18. Ne3 Be6 19. Kh1 Qxd1 20. Rfxd1 Kf8 21. Bf3 Nf5 22. Nxf5 gxf5 23. Kg1 Na5 24. Kf2 Rd8 25. Nb5 Bb3 26. Rxd8+ Rxd8 27. Ke1 a6 28. Nc3 b5 29. g3 e6 30. Bd1 Ke7 31. Bxb3 Nxb3 32. Rd1 Rxd1+ 33. Kxd1 Kd6 34. Kc2 Nd4+ 35. Kd3 Nb3 36. Kc2 Nc5 37. b4 Ne4 38. Ne2 Kd5 39. Kd3 Nf2+ 40.
Ke3 Ng4+ 41. Kd3 Nxh2 42. Nc3+ Kc6 43. a4 Nf1 44. axb5+ axb5 45. Ne2 h5 46. Nd4+ Kb6 47. Ne2 f6 48. Kc3 e5 49. Kd3 Kc6 50. Kc3 Kd5 51. Kd3 Kd6 52. Kc3 Ne3 53. Kb3 Nd5 54. Ka3 exf4 55.
gxf4 h4 56. Nd4 h3 57. Nxf5+ Ke6 58. Nd4+ Kd7 59. Nf3 Nxf4 60. Kb3 Nd5 61. Kc2 Nxb4+ 62. Kc3 Nd5+ 63. Kd4 Kd6 0-1